 Dungeon Crawl Stone Soup version 0.29.1-15-g9cfb28693d (webtiles) character file.

Game seed: 5745336401535966630

1059 Draugr the Covert (level 8, -1/48 HPs)
             Began as a Vampire Enchanter on Mar 9, 2023.
             Was a Believer of Sif Muna.
             Slain by Duvessa
             ... wielding a +3 short sword of holy wrath
              (6 damage)
             ... on level 5 of the Dungeon on Mar 10, 2023.
             The game lasted 00:24:00 (5669 turns).

Draugr the Covert (Vampire Enchanter)               Turns: 5669, Time: 00:24:00

Health: -1/48      AC:  3    Str:  7    XL:     8   Next: 6%
Magic:  8/11       EV: 13    Int: 19    God:    Sif Muna [**....]
Gold:   308        SH:  0    Dex: 15    Spells: 6/11 levels left

rFire   . . .      SeeInvis +   a - +2 dagger
rCold   + + .      Faith    .   (no shield)
rNeg    + + +      Spirit   .   b - +0 robe
rPois   ∞          Reflect  .   (no helmet)
rElec   .          Harm     .   q - +0 cloak
rCorr   .          Rampage  .   (no gloves)
Will    .....                   (no boots)
Stlth   ++++++....              (no amulet)
HPRegen 0.00/turn               (no ring)
MPRegen 0.12/turn               (no ring)

@: bloodless, inhibited regen
A: bloodless, fangs 3, see invisible, vampiric 2
a: Bat Form, Revivify, Renounce Religion, Channel Magic


You were on level 5 of the Dungeon.
You worshipped Sif Muna.
Sif Muna was pleased with you.
You visited 1 branch of the dungeon, and saw 5 of its levels.

You collected 308 gold pieces.

Inventory:

Hand Weapons
 a - a +2 dagger (weapon)
 t - a +0 short sword of protection
Armour
 b - a +0 robe (worn)
 q - a +0 cloak (worn)
Jewellery
 h - an amulet of the acrobat
Wands
 s - a wand of flame (8)
Scrolls
 d - a scroll of enchant weapon
 j - a scroll of acquirement {unknown}
 k - a scroll of amnesia {unknown}
 m - a scroll of butterflies {unknown}
 n - a scroll of summoning {unknown}
 o - a scroll of brand weapon {unknown}
 r - a scroll of silence {unknown}
 w - a scroll of immolation {unknown}
Potions
 c - a potion of resistance {unknown}
 e - a potion of berserk rage {unknown}
 f - a potion of haste
 g - 3 potions of curing {unknown}
 i - 3 potions of might {unknown}
 l - 2 potions of lignification {unknown}
 p - 2 potions of attraction {unknown}
 u - a potion of magic {unknown}


   Skills:
 - Level 3.8 Fighting
 - Level 2.0 Short Blades
 - Level 4.0 Dodging
 - Level 8.1 Stealth
 - Level 2.0 Spellcasting
 - Level 7.6 Hexes
 + Level 3.9 Ice Magic


You had 6 spell levels left.
You knew the following spells:

 Your Spells              Type           Power      Damage    Failure   Level
a - Ensorcelled Hibernat  Hex/Ice        46%        N/A       2%          2
b - Confusing Touch       Hex            31%        N/A       2%          3

Your spell library contained the following spells:

 Spells                   Type           Power      Damage    Failure   Level
 Tukima's Dance           Hex            31%        N/A       2%          3
 Ozocubu's Armour         Ice            16%        N/A       10%         3
 Dazzling Flash           Conj/Hex       32%        N/A       11%         3
 Apportation              Tloc           2%         N/A       17%         1
 Necrotise                Necr           4%         1d4       17%         1
 Summon Small Mammal      Summ           4%         N/A       17%         1
 Ozocubu's Refrigeration  Ice            8%         4d9       100%        7


Dungeon Overview and Level Annotations

Branches:
Dungeon (5/15)
 Temple: D:4-7

Altars:
Gozag
Hepliaklqana
Qazlal
Sif Muna
Vehumet
Wu Jian

Annotations:
D:5 Duvessa


Innate Abilities, Weirdness & Mutations

You do not regenerate when monsters are visible.
You are frail without blood (-20% HP).
You can heal yourself when you bite living creatures.
You are immune to poison.
You have razor-sharp teeth.
You have supernaturally acute eyesight. (SInv)
You are afflicted with vampirism and can become a bat while bloodless.


Message History

You hear a bark!
You hear a shout!
You hear a bark!
You hear a shout!
You hear a shout!
You hear a shout!
You hear a bark!
You hear a shout!
You hear a bark!
You hear a bark!
You hear a shout!
You hear a shout!
You hear a shout!
You hear a shout!
You hear a bark!
You hear a shout!
You hear a shout!
You hear a shout!
You hear a shout!
You hear a shout!
Magic restored.
You hear a shout! x2
Things that are here:
a +0 giant club; a +0 hand axe; an ogre corpse You hear a bark!
You hear a shout!
Duvessa is nearby!
You hear a shout!
Casting: Ensorcelled Hibernation (safe; 2% risk of failure)
Confirm with . or Enter, or press ? or * to list all spells.
Your hands begin to glow red.
You hit Duvessa but do no damage.
Duvessa appears confused.
You bite Duvessa, but do no damage.
Duvessa is lightly wounded.
Duvessa hits you with a +3 short sword of holy wrath!
You convulse!
Duvessa barely misses herself.
You hit Duvessa.
Duvessa is lightly wounded.
Duvessa hits you with a +3 short sword of holy wrath!!
* * * LOW HITPOINT WARNING * * *
You convulse.
You die...

### ..# ########.#
.........# .........#
#.......# #......###
.##.....@e#
#..##...##.#
#......>#o#
.##...##.#.#
....8.##)#..
.##......### # .#
#....#.)###.#####
..#.#..##.##.)........
#.....##.....###.#####


You could see Duvessa (berserk, confused) and an orc (wandering).

Vanquished Creatures
  Menkaure (D:4)
  5 ogres
  Dowan (D:5)
  A crimson imp (D:4)
  An orc priest (D:3)
  2 hounds (D:4)
  An iguana (D:5)
  Natasha (thrice) (D:3)
  7 gnolls
  6 adders
  3 worms
  3 dart slugs
  14 orcs
  7 endoplasms
  6 giant cockroaches
  6 goblins
  8 hobgoblins
  4 quokkas
  5 ball pythons
  6 bats
  3 frilled lizards
  3 goblin skeletons (D:4)
  4 goblin zombies (D:4)
  A hobgoblin zombie (D:4)
  8 kobolds
  A kobold skeleton (D:4)
  2 kobold zombies (D:4)
  6 rats
118 creatures vanquished.

Notes
Turn   | Place    | Note
-------+----------+-------------------------------------------
     0 | D:1      | Draugr the Vampire Enchanter began the quest for the Orb.
     0 | D:1      | Reached XP level 1. HP: 13/13 MP: 3/3
     0 | D:1      | Noticed a shadow dragon
     3 | D:1      | Noticed a golden dragon
     3 | D:1      | Noticed an orb of fire
     5 | D:1      | Noticed a large abomination
     6 | D:1      | Noticed a large abomination
     7 | D:1      | Noticed a large abomination
     8 | D:1      | Noticed an ice dragon
    11 | D:1      | Noticed a shadow dragon
    13 | D:1      | Noticed an orb of fire
    13 | D:1      | Noticed a large abomination
    15 | D:1      | Noticed a large abomination
    15 | D:1      | Noticed a shadow dragon
    17 | D:1      | Noticed a large abomination
    17 | D:1      | Noticed an ice dragon
    21 | D:1      | Noticed an orb of fire
    74 | D:1      | Found a faded altar of an unknown god.
    77 | D:1      | Got Plato's Almanac of Summoning
   231 | D:1      | Reached XP level 2. HP: 11/16 MP: 5/5
   234 | D:1      | Learned a level 2 spell: Ensorcelled Hibernation
   450 | D:1      | Reached skill level 1 in Fighting
   967 | D:1      | Reached skill level 1 in Ice Magic
  1383 | D:2      | Gained mutation: You are afflicted with vampirism and can
                  | become a bat while bloodless. [Vampire growth]
  1383 | D:2      | Reached XP level 3. HP: 20/20 MP: 6/6
  1569 | D:2      | Learned a level 3 spell: Confusing Touch
  1935 | D:3      | Found a shimmering blue altar of Sif Muna.
  1942 | D:3      | Became a worshipper of Sif Muna the Loreminder
  2094 | D:3      | Reached skill level 5 in Hexes
  2291 | D:3      | Reached XP level 4. HP: 25/25 MP: 3/7
  2454 | D:3      | Noticed an ogre
  2506 | D:3      | Killed an ogre
  2507 | D:3      | Reached XP level 5. HP: 22/29 MP: 3/8
  2556 | D:3      | Noticed Natasha
  2560 | D:3      | Killed Natasha
  2569 | D:3      | Noticed Natasha
  2580 | D:3      | Killed Natasha
  2638 | D:3      | Noticed Natasha
  2648 | D:3      | Killed Natasha
  2649 | D:3      | Reached XP level 6. HP: 26/34 MP: 6/9
  3412 | D:3      | Found an opulent altar of Gozag.
  3605 | D:4      | Reached skill level 5 in Stealth
  3628 | D:4      | Found a radiant altar of Vehumet.
  3728 | D:5      | Entered Level 5 of the Dungeon
  3791 | D:5      | Noticed Dowan
  3831 | D:4      | Reached * piety under Sif Muna
  3842 | D:4      | Found an ornate altar of the Wu Jian Council.
  3917 | D:4      | Reached skill level 7 in Stealth
  4264 | D:3      | Reached XP level 7. HP: 34/38 MP: 7/10
  4449 | D:4      | Found a hazy altar of Hepliaklqana.
  4539 | D:4      | Noticed Menkaure
  4556 | D:4      | Killed Menkaure
  4860 | D:4      | Found a stormy altar of Qazlal.
  5041 | D:5      | Noticed Duvessa
  5209 | D:5      | Killed Dowan
  5210 | D:5      | Reached skill level 8 in Stealth
  5566 | D:5      | Reached XP level 8. HP: 38/48 MP: 6/11
  5575 | D:5      | Reached ** piety under Sif Muna
  5669 | D:5      | Slain by Duvessa

Illustrated notes

Levels and vault maps discovered:
D:1:      shiori_arrival_whats_in_store_for_you, layout_rooms,
          serial_co_window_serial, co_window_paths_a, co_window_paths_a,
          co_window_corner_a, co_window_cross_1, co_window_cross_1,
          co_window_of_opportunity_a, co_window_paths_c,
          co_window_of_opportunity_b, co_window_of_opportunity_c,
          co_window_broadway_c, co_window_unsneaky_path_c, co_window_broadway_b,
          glass_columns_c, shapermc_ecumenical_altar_rom_forum
D:2:      layout_basic, minmay_close_crescents
D:3:      layout_basic, mainiacjoe_overflow_alcove_1, grunt_gozag_breadcrumbs,
          corexii_corridor_pit, chequers_serial_rivers_large_a, uniq_natasha
D:4:      layout_cave_pools, nicolae_tso_besieged_by_evil,
          mainiacjoe_overflow_24_doors, nicolae_qazlal_eye_of_the_storm,
          kennysheep_mini_moat, vehumet_altar_wand_db, uniq_menkaure
D:5:      layout_basic, general_overflow_altar, minmay_temple_entry_waves,
          gammafunk_ghost_grave, uniq_duvessa

Skill      XL: |  1  2  3  4  5  6  7 |
---------------+----------------------+-----
Short Blades   | 2 |  2.0
Fighting       | 1 3 |  3.8
Ice Magic      | 1 2 3 |  3.9
Hexes          | 5 7 |  7.6
Dodging        | 3 4 |  4.0
Stealth        | 7 8 |  8.1
Spellcasting   | |  2.0

Action                   |  1- 3 |  4- 6 |  7- 9 || total
-------------------------+-------+-------+-------++-------
Melee: Dagger            |    71 |    90 |    79 ||   240
       Bite              |     1 |     5 |    10 ||    16
       Punch             |       |     2 |       ||     2
 Cast: Ensorcelled Hiber |     9 |    35 |    16 ||    60
       Confusing Touch   |       |       |     3 ||     3
 Abil: Exsanguinate      |     1 |       |       ||     1
  Use: Potion            |     1 |     2 |       ||     3
       Scroll            |       |     1 |     3 ||     4
 Stab: Sleeping          |    29 |    27 |    14 ||    70
       Invisible         |     1 |     3 |       ||     4
       Distracted        |       |       |     1 ||     1
       Confused          |       |       |     1 ||     1
Armor: Robe              |    12 |    21 |    14 ||    47
Dodge: Dodged            |    27 |   100 |    31 ||   158
